Map: Amygdala

Players

Maxik - Winner!

  • Race: Protoss Protoss
  • League: Silver
  • Spawn Location: 7:00

iPlayDefense

  • Race: Terran Terran
  • League: Silver
  • Spawn Location: 1:00

VOD

Have the link to the VOD?

Description

Time

  • Played on: April 17, 2025, 7:15 a.m.
  • Length: 7:33
Show
View Real Time Build Order
Export as new Build Order

Maxik Protoss - Winner!

Build Orders: 1 Gate Expand, Blink Stalkers 

Get SALT Encoding   

  12  0:01  Probe  
  13  0:13  Probe  
  14  0:21  Pylon  
  14  0:25  Probe  
  15  0:40  Probe  
  15  0:43  Gateway  
  15  0:48  Probe  
  17  0:58  Probe  
  17  1:00  Assimilator  
  18  1:10  Probe  
  19  1:22  Probe  
  20  1:32  Cybernetics Core  
  20  1:43  Nexus  
  20  1:45  Probe  
  21  1:48  Pylon  
  21  1:59  Stalker  
  21  2:04  Assimilator  
  21  2:05  Probe  
  22  2:13  Warp Gate  
  22  2:15  Probe  
  25  2:23  Probe  
  25  2:28  Stalker  
  28  2:47  Twilight Council  
  28  2:55  Gateway  
  28  3:01  Probe  
  28  3:05  Probe  
  30  3:11  Blink  
  30  3:13  Probe  
  30  3:17  Probe  
  32  3:25  Probe  
  33  3:27  Shield Battery  
  33  3:39  Probe  
  34  3:42  Robotics Facility, Probe  
  35  3:51  Probe  
  35  3:54  Probe  
  37  3:58  Gateway  
  37  4:01  Gateway  
  37  4:03  Shield Battery, Probe  
  37  4:06  Probe  
  37  4:07  Pylon  
  39  4:12  Stalker x2  
  39  4:15  Probe  
  44  4:23  Observer  
  44  4:24  Probe  
  44  4:27  Probe  
  47  4:32  Warp Prism  
  47  4:36  Probe  
  48  4:39  Assimilator  
  48  4:40  Probe  
  48  4:41  Assimilator  
  51  4:53  Pylon  
  51  5:03  Stalker  
  53  5:10  Pylon  
  53  5:15  Probe  
  53  5:18  Probe  
  55  5:26  Gateway  
  55  5:29  Gateway  
  55  5:30  Probe  
  56  5:39  Stalker x4  
  64  5:43  Pylon  
  64  5:45  Pylon  
  64  6:14  Stalker x3  
  64  6:15  Stalker  
  72  6:19  Pylon  
  54  7:07  Stalker x5  
  54  7:08  Stalker  
  56  7:31  Stalker x2  
  56  7:32  Stalker x4  
Show
View Real Time Build Order
Export as new Build Order

iPlayDefense Terran 

Build Orders:  

Get SALT Encoding   

  12  0:00  SCV  
  13  0:16  Supply Depot  
  13  0:19  SCV  
  14  0:31  SCV  
  15  0:43  SCV  
  15  0:48  Barracks  
  16  0:55  SCV  
  16  0:56  Refinery  
  17  1:07  SCV  
  18  1:19  SCV  
  19  1:36  Orbital Command  
  19  1:39  Barracks Reactor  
  19  1:43  Command Center  
  19  1:53  Refinery  
  19  2:07  SCV  
  20  2:16  Marine x2  
  20  2:19  SCV  
  23  2:23  Supply Depot  
  23  2:45  SCV, Marine x2, Barracks  
  23  2:48  Barracks  
  26  2:55  Orbital Command  
  26  3:08  Supply Depot  
  26  3:19  SCV  
  27  3:31  SCV  
  27  3:32  Supply Depot  
  28  3:37  Factory  
  28  3:39  Supply Depot, Barracks Reactor  
  28  3:41  Barracks Tech Lab x2  
  28  3:43  SCV  
  28  3:47  SCV  
  30  3:54  Supply Depot  
  30  3:55  SCV  
  31  3:59  SCV  
  32  4:07  SCV  
  33  4:14  SCV, Marine x2  
  33  4:15  Marine x2  
  38  4:17  Supply Depot  
  38  4:19  Concussive Shells, SCV  
  38  4:21  Stimpack  
  38  4:23  Factory Tech Lab  
  39  4:26  SCV  
  40  4:31  SCV  
  41  4:41  Supply Depot  
  41  4:50  Starport  
  41  4:55  Engineering Bay  
  41  4:59  Armory  
  41  5:00  SCV x2  
  41  5:01  Marine x4  
  41  5:03  Siege Tank  
  50  5:09  Supply Depot  
  50  5:12  SCV x2  
  50  5:13  Supply Depot  
  52  5:18  Marine x2  
  52  5:20  Refinery  
  54  5:23  Refinery  
  54  5:30  Bunker  
  54  5:36  Starport Reactor  
  54  5:46  SCV x2  
  54  5:47  Marine x4  
  54  5:48  Siege Tank  
  63  5:58  SCV x2  
  65  6:04  Marine  
  65  6:05  Marine  
  67  6:21  Siege Tank  
  67  6:24  SCV  
  67  6:25  SCV, Marine x3  
  71  6:26  Marine  
  75  6:36  SCV  
  75  6:37  SCV  
  77  6:43  Marine x2  
  75  6:53  Siege Tank  
Tags
 
Composition
Blink Stalkers
Matchup
PvT
Replay Pack
DaveSC2
Spawn Locations
Cross Positions
Add a new tag
Caveats
  • Supply blocks, unpowered buildings, or Contaminate may cause inaccurate times.
  • Supply counts are checked every 10 seconds.